 Dungeon Crawl Stone Soup version 0.30-a0-738-g116ff8c4af (webtiles) character file.

Game seed: 1657552247729937318

28581 karrick the Cleaver (level 13, -1/81 (83) HPs)
             Began as a Gargoyle Fighter on Feb 4, 2023.
             Was the Champion of Okawaru.
             Slain by a green ugly thing (6 damage)
             ... on level 14 of the Dungeon.
             The game lasted 00:35:55 (12128 turns).

karrick the Cleaver (Gargoyle Fighter)             Turns: 12128, Time: 00:35:56

HP:   -1/81 (83)    AC: 22    Str: 21    XL:     13   Next: 39%
MP:   18/18         EV: 15    Int:  9    God:    Okawaru [******]
Gold: 903           SH:  6    Dex: 13    Spells: 12/12 levels left

rFire   . . .      SeeInvis +    V - +2 war axe (freeze)
rCold   . . .      Faith    .    c - +0 buckler
rNeg    + + .      Spirit   .    q - +1 ring mail of a Thousand Allies {rElec rN+ SInv}
rPois   ∞          Reflect  .    i - +0 helmet
rElec   +          Harm     .    u - +0 cloak
rCorr   .          Rampage  .    H - +0 pair of gloves
Will    .....                    (no boots)
Stlth   +                        p - amulet of regeneration
HPRegen 1.13/turn                s - +5 ring of evasion
MPRegen 0.16/turn                (no ring)

@: weak-willed, slowed, lightly drained, very slow
A: sickness immunity, AC +9, negative energy resistance 1, electricity
resistance, torment resistance 1, petrification resistance
a: Renounce Religion, Heroism, Finesse, Duel


You were on level 14 of the Dungeon.
You worshipped Okawaru.
Okawaru was exalted by your worship.
You visited 2 branches of the dungeon, and saw 15 of its levels.
You also visited: Sewer.

You collected 903 gold pieces.

Inventory:

Hand Weapons
 b - a +1 scimitar of flaming
 d - a +4 hand axe
 y - the +8 short sword "Ygrivil" {heavy, rElec Int+2 Dex+3}
   (You found it on level 5 of the Dungeon)

   Int:       It affects your intelligence (+2).
   Dex:       It affects your dexterity (+3).
   rElec:     It insulates you from electricity.
 J - a +3 flail of freezing
 V - a +2 war axe of freezing (weapon)
Missiles
 h - 2 silver boomerangs (quivered)
 l - 7 throwing nets
 I - 6 silver javelins
Armour
 a - the +0 scale mail "Adeum" {rF+ Will+ Stlth-}
   (You found it on level 13 of the Dungeon)

   rF:        It protects you from fire.
   Will:      It increases your willpower.
   Stlth:     It makes you less stealthy.
 c - a +0 buckler (worn)
 i - a +0 helmet (worn)
 q - the +1 ring mail of a Thousand Allies (worn) {rElec rN+ SInv}
   (Okawaru gifted it to you on level 12 of the Dungeon)

   rElec:     It insulates you from electricity.
   rN:        It protects you from negative energy.
   SInv:      It lets you see invisible.
 u - a +0 cloak (worn)
 H - a +0 pair of gloves (worn)
 K - a +2 chain mail of poison resistance
 W - a +1 ring mail of cold resistance
Jewellery
 p - an amulet of regeneration (around neck)
 r - an amulet of magic regeneration
 s - a +5 ring of evasion (left hand)
Wands
 k - a wand of paralysis (8)
 G - a wand of mindburst (10)
 L - a wand of digging (17)
 N - a wand of flame (24)
 X - a wand of quicksilver (7)
Scrolls
 e - 3 scrolls of magic mapping {unknown}
 g - 10 scrolls of identify
 m - 6 scrolls of teleportation
 z - 4 scrolls of blinking {unknown}
 C - 2 scrolls of fear {unknown}
 D - 2 scrolls of enchant armour {unknown}
 F - 2 scrolls of enchant weapon {unknown}
 M - 5 scrolls of fog {unknown}
 O - 2 scrolls of silence
 Q - a scroll of vulnerability {unknown}
 Z - a scroll of noise {unknown}
Potions
 f - 2 potions of magic {unknown}
 j - a potion of mutation {unknown}
 n - 4 potions of lignification {unknown}
 o - 6 potions of flight
 v - 3 potions of brilliance {unknown}
 w - 3 potions of invisibility {unknown}
 x - 3 potions of ambrosia {unknown}
 A - 3 potions of resistance {unknown}
 B - 3 potions of curing
 E - 3 potions of attraction {unknown}
 P - a potion of degeneration {unknown}
 S - 3 potions of heal wounds
 T - a potion of berserk rage {unknown}
 U - a potion of cancellation {unknown}
 Y - a potion of might
Miscellaneous
 R - a lightning rod (4/4)


   Skills:
 + Level 10.7 Fighting
 + Level 14.2 Axes
 + Level 9.5 Armour
 + Level 1.8 Stealth
 + Level 9.7 Shields
 * Level 7.6 Invocations
 + Level 0.1 Evocations


You had 12 spell levels left.
You didn't know any spells.
Your spell library contained the following spells:

 Spells                   Type           Power      Damage    Failure   Level
 Beastly Appendage        Tmut           0%         N/A       58%         1
 Magic Dart               Conj           0%         1d3       58%         1
 Sandblast                Erth           0%         2d4       58%         1
 Ensorcelled Hibernation  Hex/Ice        0%         N/A       75%         2
 Passwall                 Tmut/Erth      0%         N/A       75%         2
 Searing Ray              Conj           0%         2d4       75%         2
 Static Discharge         Conj/Air       0%         2-2/arc   75%         2
 Wereblood                Tmut           0%         N/A       75%         2
 Ignite Poison            Fire/Tmut/Pois 0%         N/A       92%         3
 Inner Flame              Hex/Fire       0%         N/A       92%         3
 Kindle Blastsparks       Fire/Tloc/Air  0%         2d10      92%         3
 Spider Form              Tmut/Pois      0%         N/A       92%         3
 Stone Arrow              Conj/Erth      0%         3d7       92%         3
 Swiftness                Air            0%         N/A       92%         3
 Vhi's Electric Charge    Tloc/Air       0%         N/A       92%         3
 Anguish                  Hex/Necr       0%         N/A       100%        4
 Flame Wave               Conj/Fire      0%         2d4       100%        4
 Fulminant Prism          Conj/Hex       0%         3d5       100%        4
 Sticky Flame             Conj/Fire      0%         2d3       100%        4
 Arcjolt                  Conj/Air       0%         1d10      100%        5
 Freezing Cloud           Conj/Ice/Air   0%         6-21      100%        5
 Lightning Bolt           Conj/Air       0%         1d11      100%        5


Dungeon Overview and Level Annotations

Branches:
Dungeon (14/15)            Temple (1/1) D:6            Lair (0/5) D:10
    Orc (0/2) D:11         Vaults (0/5) D:14          Sewer (visited)

Altars:
Ashenzari
Cheibriados
Dithmenos
Elyvilon
Fedhas
Gozag
Hepliaklqana
Kikubaaqudgha
Makhleb
Nemelex Xobeh
Okawaru
Qazlal
Ru
Sif Muna
Trog
Uskayaw
Vehumet
Wu Jian
Xom
Yredelemnul
Zin
The Shining One

Shops:
D:6 *

Annotations:
D:14 Josephine


Innate Abilities, Weirdness & Mutations

You are immune to sickness and miasma.
Your stone body is resilient. (AC +9)
You are immune to poison.
You resist negative energy. (rN+)
You are resistant to electric shocks. (rElec)
You are resistant to unholy torment.
You are immune to petrification.


Message History

As you read the scroll of teleportation, it crumbles to dust.
You feel strangely unstable.
The centaur warrior hits you but does no damage.
The centaur warrior kicks you but does no damage.
The deep elf pyromancer gestures wildly while chanting.
The deep elf pyromancer blinks!
The phantasmal warrior closely misses you.
The brown ugly thing barely misses you. The centaur warrior barely misses you.
You block the centaur warrior's attack.
The deep elf pyromancer mumbles some strange words.
You block the deep elf pyromancer's attack.
The phantasmal warrior closely misses you.
The brown ugly thing completely misses you.
The brown ugly thing attacks as you move away!
You block the brown ugly thing's attack.
The deep elf pyromancer attacks as you move away!
The deep elf pyromancer hits you but does no damage.
The centaur warrior attacks as you move away!
The centaur warrior hits you but does no damage.
The centaur warrior kicks you but does no damage.
Your surroundings suddenly seem different.
Found 11 gold pieces.
As you read the scroll of teleportation, it crumbles to dust.
You feel strangely unstable.
Your surroundings suddenly seem different.
Josephine, 5 wraiths and 4 green ugly things come into view.
Found a scroll of teleportation and 15 gold pieces.
Found an escape hatch in the ceiling.
Josephine shouts!
The green ugly thing gurgles horribly! x2
A green ugly thing comes into view. x2
Josephine points at you and mumbles some strange words.
The ghostly flame explodes!
The ghostly fireball engulfs you! You partially resist.
You feel drained.
* * * LOW HITPOINT WARNING * * *
The ghostly fireball engulfs the wraith.
The wraith completely resists.
The green ugly thing gurgles horribly! x2; You hear a shout!
A troll comes into view.
The green ugly thing engulfs you.
You die...

#W...'..####.........#
#....#### #.........#
#...}§# #.........#
#.##+## #.........# #
########+## ##+#####
#......# ####..u...#
....u.u@..#
.Tu.u..W..#
..u........#
....W@..W..#
.....W.#W#.#
#...$.......
##.....#.#..#
####......## ########


You could see Josephine, 6 ugly things, a troll and 5 wraiths.

Vanquished Creatures
  Nessos (D:12)
  Harold (D:9)
  2 centaur warriors
  4 two-headed ogres
  An orange crystal statue (D:10)
  Pikel (D:7)
  3 cyclopes
  An ugly thing (D:13)
  3 manticores
  An elephant (D:10)
  Maurice (D:8)
  A gargoyle (D:13)
  2 unseen horrors
  An efreet (D:13)
  4 trolls
  3 meliai
  A hornet (D:9)
  Prince Ribbit (D:7)
  3 wraiths
  12 slime creatures
  2 shadows
  3 wyverns
  A steam dragon (D:8)
  41 yaks
  Grum (D:10)
  14 vampire mosquitoes
  An acid dragon (D:8)
  2 water moccasins
  Duvessa (D:7)
  6 orc warriors
  3 sky beasts
  An ice beast (D:7)
  2 ogres (D:6)
  2 black bears (D:10)
  3 centaurs
  2 wolves (D:10)
  A kobold brigand (D:6)
  A bullfrog (D:8)
  A gnoll sergeant (D:10)
  4 scorpions
  16 wights
  Dowan (D:7)
  8 killer bees
  6 howler monkeys
  2 quasits (D:9)
  7 hounds
  2 jellies
  2 gnoll boudas
  10 orc priests
  3 iguanas
  Natasha (D:3)
  4 orc wizards
  24 gnolls
  14 adders
  5 river rats
  2 white imps (D:7)
  3 worms
  5 dart slugs
  33 orcs
  6 bats
  9 endoplasms
  4 giant cockroaches
  6 goblins
  5 hobgoblins
  3 jackals (D:4)
  10 kobolds
  4 quokkas
  10 ball pythons
  7 frilled lizards
  8 rats
359 creatures vanquished.

Vanquished Creatures (others)
  2 demonic plants (D:9)
  6 fungi (D:14)
8 creatures vanquished.

Grand Total: 367 creatures vanquished

Notes
Turn   | Place    | Note
-------+----------+-------------------------------------------
     0 | D:1      | karrick the Gargoyle Fighter began the quest for the Orb.
     0 | D:1      | Reached XP level 1. HP: 14/14 MP: 1/1
   147 | D:1      | Reached XP level 2. HP: 19/19 MP: 2/2
   332 | D:1      | Reached skill level 2 in Axes
   700 | D:2      | Reached XP level 3. HP: 23/23 MP: 3/3
   901 | D:2      | Reached XP level 4. HP: 21/29 MP: 4/4
  1232 | D:2      | Reached skill level 3 in Axes
  1637 | D:3      | Reached XP level 5. HP: 33/33 MP: 5/5
  1882 | D:4      | Reached skill level 4 in Axes
  1882 | D:4      | Reached XP level 6. HP: 28/38 MP: 6/6
  2687 | D:3      | Reached XP level 7. HP: 43/44 MP: 7/7
  2895 | D:3      | Noticed Natasha
  2905 | D:3      | Killed Natasha
  2906 | D:3      | Reached skill level 5 in Axes
  3344 | D:5      | Entered Level 5 of the Dungeon
  3440 | D:5      | Found a basalt altar of Yredelemnul.
  3441 | D:5      | Found a shimmering blue altar of Sif Muna.
  3443 | D:5      | Found a glowing silver altar of Zin.
  3443 | D:5      | Found a stormy altar of Qazlal.
  3807 | D:5      | Identified the +8 short sword "Ygrivil" {heavy, rElec Int+2
                  | Dex+3}
  3938 | D:5      | Found a snail-covered altar of Cheibriados.
  4027 | D:6      | Found a staircase to the Ecumenical Temple.
  4039 | Temple   | Entered the Ecumenical Temple
  4039 | Temple   | Found a transporter.
  4039 | Temple   | Found a transporter.
  4062 | D:6      | Reached skill level 6 in Axes
  4062 | D:6      | Reached skill level 5 in Shields
  4062 | D:6      | Reached XP level 8. HP: 18/48 MP: 8/8
  4076 | D:6      | Reached skill level 5 in Armour
  4146 | D:6      | Reached skill level 5 in Fighting
  4196 | D:6      | Reached skill level 7 in Axes
  4305 | D:6      | Found a glowing drain.
  4309 | Sewer    | Entered a sewer
  4844 | Temple   | Found a transporter.
  4844 | Temple   | Found a transporter.
  4859 | Temple   | Became a worshipper of Warmaster Okawaru
  4965 | D:6      | Found Duhug's Serpentskin Sales.
  4981 | D:6      | Reached skill level 1 in Stealth
  4981 | D:6      | Reached XP level 9. HP: 50/54 MP: 9/9
  5235 | D:7      | Reached skill level 8 in Axes
  5486 | D:6      | Reached * piety under Okawaru
  5699 | D:7      | Noticed Pikel
  5728 | D:7      | Killed Pikel
  5787 | D:7      | Reached ** piety under Okawaru
  5788 | D:7      | Reached skill level 9 in Axes
  5904 | D:7      | Noticed Duvessa
  5904 | D:7      | Noticed Dowan
  5924 | D:7      | Killed Duvessa
  5926 | D:7      | Killed Dowan
  5927 | D:7      | Reached XP level 10. HP: 61/61 MP: 7/10
  5963 | D:7      | Identified the +9 hand axe "Impslayer" {spect, rCorr MP+9
                  | Str+4 Dex-3}
  6251 | D:7      | Noticed Prince Ribbit
  6262 | D:7      | Killed Prince Ribbit
  6603 | D:8      | Noticed a cyclops
  6628 | D:8      | Killed a cyclops
  6629 | D:8      | Reached skill level 10 in Axes
  6685 | D:8      | Noticed Maurice
  6693 | D:8      | Reached *** piety under Okawaru
  6745 | D:8      | Paralysed by something for 5 turns
  6754 | D:8      | Paralysed by something for 4 turns
  6782 | D:9      | Reached skill level 11 in Axes
  6914 | D:9      | Noticed Harold
  6935 | D:9      | Killed Harold
  6935 | D:9      | Reached **** piety under Okawaru
  6936 | D:9      | Reached XP level 11. HP: 65/68 MP: 9/11
  7047 | D:9      | Found a radiant altar of Vehumet.
  7163 | D:9      | Found a shadowy altar of Dithmenos.
  7264 | D:10     | Entered Level 10 of the Dungeon
  7283 | D:10     | Noticed Grum
  7302 | D:10     | Killed Grum
  7303 | D:10     | Reached skill level 1 in Invocations
  7349 | D:10     | Noticed an orange crystal statue
  7519 | D:10     | Noticed a two-headed ogre
  7533 | D:10     | HP: 2/68 [two-headed ogre/+0 giant club (18)]
  7539 | D:10     | Killed a two-headed ogre
  7592 | D:10     | Found a staircase to the Lair.
  7753 | D:10     | Reached ***** piety under Okawaru
  7861 | D:10     | Reached skill level 12 in Axes
  7960 | D:10     | Found a hide-covered altar of Uskayaw.
  8157 | D:10     | Noticed a two-headed ogre
  8180 | D:10     | Killed a two-headed ogre
  8273 | D:8      | Killed Maurice
  8343 | D:8      | Found a sacrificial altar of Ru.
  8711 | D:10     | Noticed a manticore
  8724 | D:10     | Noticed a two-headed ogre
  8738 | D:10     | Killed an orange crystal statue
  8738 | D:10     | Received a gift from Okawaru
  8739 | D:10     | Reached XP level 12. HP: 43/75 MP: 0/15
  8944 | D:12     | Reached ****** piety under Okawaru
  9025 | D:12     | Reached skill level 5 in Invocations
  9040 | D:12     | Noticed Nessos
  9063 | D:12     | Identified the +1 ring mail of a Thousand Allies {rElec rN+
                  | SInv} (Okawaru gifted it to you on level 12 of the Dungeon)
  9063 | D:12     | Received a gift from Okawaru
  9076 | D:12     | Killed Nessos
  9185 | D:12     | Noticed a two-headed ogre
  9214 | D:12     | Killed a two-headed ogre
  9215 | D:12     | Reached skill level 13 in Axes
  9536 | D:12     | Noticed a centaur warrior
  9555 | D:12     | Killed a centaur warrior
  9839 | D:13     | Noticed a two-headed ogre
  9856 | D:13     | Killed a two-headed ogre
 10230 | D:13     | Identified the +0 scale mail "Adeum" {rF+ Will+ Stlth-}
 10389 | D:13     | Reached skill level 10 in Fighting
 10644 | D:13     | Reached XP level 13. HP: 55/82 MP: 16/18
 10723 | D:13     | Received a gift from Okawaru
 11300 | D:11     | Found a staircase to the Orcish Mines.
 11502 | D:14     | Reached skill level 14 in Axes
 12002 | D:14     | Found a gate to the Vaults.
 12121 | D:14     | HP: 2/83 [centaur warrior (10)]
 12127 | D:14     | Noticed Josephine
 12127 | D:14     | HP: 4/81 [Josephine/ghostly fireball (9)]
 12128 | D:14     | Slain by a green ugly thing

Illustrated notes

Levels and vault maps discovered:
D:1:      saegor_arrival_fortress, layout_loops_ring
D:2:      layout_loops_ring
D:3:      layout_basic, uniq_natasha
D:4:      layout_basic, saegor_snake_ambush
D:5:      layout_loops_ring, kennysheep_slug_shrine,
          chequers_temple_overflow_statue_of_worship, kennysheep_donut,
          corexii_checkpoint_a, grunt_ministairs_15
D:6:      layout_basic, minmay_temple_entry_wispy, gup_sewer_entry_bowl,
          small_statue_intersection, guppyfry_shop_venom
D:7:      layout_gridville, uniq_pikel, uniq_duvessa, uniq_prince_ribbit1
D:8:      layout_rooms, hangedman_ru_absence, uniq_maurice
D:9:      layout_basic, nicolae_vehumet_altar_sigil,
          grunt_dithmenos_smoke_and_mirrors, serial_demonic, serial_demonic_e,
          serial_demonic_g, serial_demonic_c, serial_demonic_b, uniq_harold
D:10:     layout_basic, nicolae_uskayaw_suspiria, david_lair_generic,
          minivault_16, grunt_decor_arrowhead, uniq_grum
D:11:     layout_cave_pools, david_orc_4
D:12:     layout_roguey, minmay_misc_feat_rugged, uniq_nessos
D:13:     layout_basic
D:14:     layout_roguey, erik_vaults_1, serial_park_square3
          [serial_park_minivault_5x5_6], serial_co_window_serial,
          co_window_corner_a, co_window_paths_a, co_window_of_opportunity_a,
          co_window_corner_a, co_window_paths_b, co_window_paths_b,
          co_window_broadway_b, co_window_broadway_b, co_window_2corner,
          co_window_paths_c, co_window_corner_b, glass_columns_a,
          glass_columns_a, glass_columns_a, glass_columns_a, glass_columns_a,
          uniq_josephine
Temple:   hellmonk_temple_divided_pantheon

Skill      XL: |  1  2  3  4  5  6  7  8  9 10 11 12 13 |
---------------+----------------------------------------+-----
Axes           | 2 3 4 6 7 9 11 12 13 14 | 14.2
Shields        | 4 5 6 7 8 9 |  9.7
Fighting       | 4 5 6 7 8 10 | 10.7
Armour         | 4 5 7 8 9 |  9.5
Stealth        | 1 |  1.8
Invocations    | 4 6 7 |  7.6
Evocations     | |  0.1

Action                     |  1- 3 |  4- 6 |  7- 9 | 10-12 | 13-15 || total
---------------------------+-------+-------+-------+-------+-------++-------
  Melee: War axe           |    54 |   224 |   476 |   182 |   175 ||  1111
         Hand axe          |       |       |       |   886 |    13 ||   899
 Invoke: Heroism           |       |       |     1 |    10 |     2 ||    13
  Evoke: Wand              |       |       |       |     4 |       ||     4
    Use: Potion            |     1 |       |     6 |     4 |     1 ||    12
         Scroll            |       |       |     2 |     5 |     7 ||    14
   Stab: Petrified         |       |       |       |       |     2 ||     2
 Armour: Scale mail        |    21 |   125 |   219 |   311 |       ||   676
         Ring mail         |       |       |       |   130 |   134 ||   264
  Dodge: Dodged            |    33 |    92 |   309 |   633 |   160 ||  1227
  Block: Buckler           |    10 |    51 |   111 |   297 |    70 ||   539

Table legend: (Time is in decaauts)
 A = Elapsed time spent in this place.
 B = Non-inter-level travel time spent in this place.
 C = Inter-level travel time spent in this place.
 D = Time resting spent in this place.
 E = Time spent auto-exploring this place.
 F = Levels seen in this place.
 G = Mean time per level.
                   A        B        C        D        E       F      G
               +--------+--------+--------+--------+--------+-----+--------+
         Total |  12126 |  11593 |    533 |    206 |   7792 |  16 |  757.9 |
       Dungeon |  11669 |  11145 |    524 |    206 |   7556 |  14 |  833.5 |
        Temple |     45 |     36 |      9 |      0 |      0 |   1 |   45.0 |
         Sewer |    411 |    411 |      0 |      0 |    236 |   1 |  411.0 |
               +--------+--------+--------+--------+--------+-----+--------+

Top non-repeatable levels by time:
    D:10: 1197 daAuts
     D:7: 1169 daAuts
     D:4: 1079 daAuts
    D:13: 1044 daAuts
     D:2: 994 daAuts
    D:12: 910 daAuts
     D:6: 878 daAuts
     D:8: 783 daAuts
     D:3: 730 daAuts
     D:5: 692 daAuts
     D:1: 666 daAuts
     D:9: 554 daAuts
    D:11: 523 daAuts
    D:14: 445 daAuts
   Sewer: 411 daAuts
